 Dungeon Crawl Stone Soup version 0.27-a0-61-g21144fbd99 (webtiles) character file.

Game seed: 14419043559628982522

489 robertstho the Chopper (level 6, 0/56 HPs)
             Began as a Minotaur Monk on Jan 8, 2021.
             Was an Initiate of Gozag.
             Slain by a sky beast (3 damage)
             ... on level 7 of the Dungeon.
             The game lasted 00:05:02 (4809 turns).

robertstho the Chopper (Minotaur Monk)              Turns: 4809, Time: 00:05:03

Health: 0/56       AC:  8    Str: 14    XL:     6   Next: 90%
Magic:  5/5        EV: 11    Int:  7    God:    Gozag
Gold:   339        SH:  0    Dex: 12    Spells: 5/5 levels left

rFire    + . .     SeeInvis .   z - +0 war axe (curse)
rCold    . . .     Faith    .   (no shield)
rNeg     + . .     Spirit   .   v - +1 scale mail of Compassion {+Fly rF+ rN+} (curse)
rPois    .         Reflect  .   (helmet restricted)
rElec    .         Harm     .   (no cloak)
rCorr    +         Rampage  .   (no gloves)
Will     .....                  (no boots)
Stlth    ..........             (no amulet)
HPRegen  0.18/turn              g - -4 ring of strength (curse)
MPRegen  0.09/turn              y - ring of resist corrosion

@: no status effects
A: retaliatory headbutt, horns 2
a: Renounce Religion, Evoke Flight, Potion Petition, Call Merchant, Bribe Branch


You were on level 7 of the Dungeon.
You worshipped Gozag.
Gozag was aware of your devotion.
You visited 1 branch of the dungeon, and saw 7 of its levels.

You collected 599 gold pieces.
You spent 260 gold pieces at shops.

Inventory:

Hand Weapons
 a - a +0 hand axe
 l - a +0 hunting sling
 z - a cursed +0 war axe (weapon)
 D - a +2 vorpal hand axe
Missiles
 i - 61 arrows
 j - 3 atropa-tipped darts (quivered)
 k - 197 stones
 n - 2 throwing nets
 o - 70 sling bullets
 x - 18 bolts
 B - 9 poisoned darts
 J - 5 boomerangs
 K - 3 curare-tipped darts
Armour
 v - the cursed +1 scale mail of Compassion (worn) {+Fly rF+ rN+}
   (You bought it in a shop on level 4 of the Dungeon)

   It protects you from fire.
   It protects you from negative energy.
   It lets you fly.
   It has a curse placed upon it.
Jewellery
 g - a cursed -4 ring of strength (left hand)
 u - an uncursed ring of flight
 w - an uncursed ring of see invisible
 y - a ring of resist corrosion (right hand)
 I - an uncursed ring of protection from fire {unknown}
Wands
 G - a wand of flame (15)
Scrolls
 b - 3 scrolls of teleportation {unknown}
 c - 3 scrolls of identify {unknown}
 d - 3 scrolls of magic mapping {unknown}
 e - 3 scrolls of remove curse {unknown}
 h - a scroll of enchant armour {unknown}
 m - a scroll of random uselessness {unknown}
 q - a scroll of fear {unknown}
 s - a scroll of amnesia {unknown}
 A - 2 scrolls of enchant weapon {unknown}
 H - a scroll of brand weapon {unknown}
Potions
 f - a potion of flight {unknown}
 p - 3 potions of lignification {unknown}
 r - a potion of haste {unknown}
 t - a potion of might {unknown}
 C - a potion of heal wounds {unknown}
 E - a potion of resistance {unknown}
 F - a potion of attraction {unknown}


   Skills:
 * Level 5.5 Fighting
 + Level 6.0 Axes
 * Level 4.9 Armour
 + Level 4.1 Dodging
 - Level 1.5 Stealth


You had 5 spell levels left.
You didn't know any spells.
Your spell library contained the following spells:

 Spells                   Type           Power        Failure   Level
 Confusing Touch          Hex            0%           99%         3
 Gell's Gravitas          Tloc           0%           99%         3
 Petrify                  Tmut/Erth      0%           100%        4
 Metabolic Englaciation   Hex/Ice        0%           100%        5
 Yara's Violent Unravell  Hex/Tmut       0%           100%        5


Dungeon Overview and Level Annotations

Branches:
Dungeon (7/15)             Temple (0/1) D:6

Altars:
Dithmenos
Elyvilon
Gozag
Makhleb
Vehumet
Wu Jian
Xom
The Shining One

Shops:
D:4 *

Annotations:
D:3 1 runed translucent door, robertstho's ghost, amateur KoHu
D:4 Good shop


Innate Abilities, Weirdness & Mutations

You reflexively headbutt those who attack you in melee.
You have a pair of horns on your head.


Message History

You hit something.
Unknown command.
You miss something. Something hits you but does no damage.
Unknown command.
You closely miss something. Something hits you but does no damage.
Unknown command.
You miss something. Something hits you but does no damage.
Unknown command.
You closely miss something. Something hits you.
* * * LOW HITPOINT WARNING * * *
Something shocks you.
* * * LOW HITPOINT WARNING * * *
Unknown command.
You miss something. Something hits you.
* * * LOW HITPOINT WARNING * * *
Something shocks you.
* * * LOW HITPOINT WARNING * * *
Something hits you.
You die...
Your body crumbles into a pile of gold.

#.. ..## ..
###.####...##..
###.#............
#........<.......
$
#...............#
#...............#
......(..........
..>..........#.#.
.##.....$@...._..
#......${$..#.#.
................?
.###.###.........
## .........#
..........#
###........
#..).....


There were no monsters in sight!

Vanquished Creatures
  A centaur (D:5)
  A scorpion (D:4)
  2 hounds
  2 bullfrog skeletons (D:4)
  An orc wizard (D:4)
  Terence (D:2)
  2 worker ants
  A hound skeleton (D:7)
  4 adders
  A white imp (D:3)
  An ufetubus (D:7)
  An ooze (D:4)
  A worm (D:2)
  A dart slug (D:1)
  2 leopard geckos
  5 orcs
  2 giant cockroaches (D:2)
  3 goblins
  A hobgoblin (D:2)
  19 jackals
  6 quokkas
  A ball python (D:4)
  A ball python skeleton (D:4)
  6 bats
  6 frilled lizards
  3 kobolds
  4 rats
79 creatures vanquished.

Notes
Turn   | Place    | Note
-------+----------+-------------------------------------------
     0 | D:1      | robertstho the Minotaur Monk began the quest for the Orb.
     0 | D:1      | Reached XP level 1. HP: 19/19 MP: 0/0
   304 | D:1      | Reached XP level 2. HP: 27/27 MP: 1/1
   895 | D:2      | Reached skill level 1 in Armour
   939 | D:2      | Reached skill level 4 in Axes
  1040 | D:2      | Noticed Terence
  1044 | D:2      | Reached XP level 3. HP: 33/33 MP: 2/2
  1065 | D:2      | Killed Terence
  1295 | D:2      | Reached XP level 4. HP: 37/41 MP: 3/3
  1390 | D:2      | Found a shimmering altar of Xom.
  1401 | D:2      | Found a radiant altar of Vehumet.
  1404 | D:2      | Found an opulent altar of Gozag.
  1585 | D:2      | Became a worshipper of Gozag Ym Sagoz the Greedy
  1715 | D:3      | Found a burning altar of Makhleb.
  1808 | D:3      | Found a runed translucent door.
  1808 | D:3      | Noticed robertstho's ghost (amateur KoHu)
  1968 | D:3      | Reached skill level 5 in Fighting
  2371 | D:4      | Found Hinisaogh's Assorted Antiques.
  2396 | D:4      | Bought a blackened scale mail for 234 gold pieces
  2396 | D:4      | Bought a scroll labelled FUUTAST QATOVY for 26 gold pieces
  2420 | D:4      | Reached XP level 5. HP: 22/48 MP: 4/4
  2651 | D:4      | Identified the cursed +1 scale mail of Compassion {+Fly rF+
                  | rN+} (You bought it in a shop on level 4 of the Dungeon)
  2706 | D:4      | Reached skill level 5 in Axes
  2838 | D:4      | Found a glowing golden altar of the Shining One.
  2985 | D:4      | Reached XP level 6. HP: 40/56 MP: 5/5
  3219 | D:4      | Found an ornate altar of the Wu Jian Council.
  3410 | D:5      | Entered Level 5 of the Dungeon
  4361 | D:6      | Found a staircase to the Ecumenical Temple.
  4549 | D:6      | Found a white marble altar of Elyvilon.
  4789 | D:7      | Found a shadowy altar of Dithmenos.
  4790 | D:7      | Noticed a sky beast
  4803 | D:7      | Reached skill level 6 in Axes
  4809 | D:7      | Slain by a sky beast

Illustrated notes

Levels and vault maps discovered:
D:1:      amcnicky_arrival_choice, layout_rooms, minivault_11,
          hangedman_abyss_or_decor_stabs
D:2:      layout_rooms, minitemple, hangedman_glass_teeth,
          chequers_serial_rivers_micro_a, uniq_terence
D:3:      layout_loops_ring, makhleb_blood_cavern_becter, gammafunk_ghost_grave
D:4:      layout_loops_ring, tso_metal_star, nzn_wu_jian_council_hall,
          serial_shops, shop_statue, kennysheep_dice
D:5:      layout_gridville
D:6:      layout_loops_ring, elyvilon_altar_5, minmay_temple_entry_glassed_door
D:7:      layout_cave_pools, lemuel_crystal_altar, basic_altar

Skill      XL: |  1  2  3  4  5  6 |
---------------+-------------------+-----
Fighting       | 4 5 |  5.5
Armour         | 1 2 3 4 |  4.9
Axes           | 4 5 6 |  6.0
Dodging        | 4 |  4.1
Stealth        | |  1.5

Action                   |  1- 3 |  4- 6 || total
-------------------------+-------+-------++-------
Melee: Hand axe          |    93 |   100 ||   193
       Headbutt          |    10 |    21 ||    31
       War axe           |       |    43 ||    43
 Stab: Sleeping          |     1 |       ||     1
Armor: Robe              |     7 |       ||     7
       Ring mail         |     9 |       ||     9
       Scale mail        |    22 |    79 ||   101
Dodge: Dodged            |    63 |    86 ||   149

Table legend: (Time is in decaauts)
 A = Elapsed time spent in this place.
 B = Non-inter-level travel time spent in this place.
 C = Inter-level travel time spent in this place.
 D = Time resting spent in this place.
 E = Time spent auto-exploring this place.
 F = Levels seen in this place.
 G = Mean time per level.
                   A        B        C        D        E       F      G
               +--------+--------+--------+--------+--------+-----+--------+
         Total |   4830 |   4550 |    280 |    199 |   3817 |   7 |  690.0 |
       Dungeon |   4830 |   4550 |    280 |    199 |   3817 |   7 |  690.0 |
               +--------+--------+--------+--------+--------+-----+--------+

Top non-repeatable levels by time:
     D:4: 1043 daAuts
     D:2: 847 daAuts
     D:5: 835 daAuts
     D:1: 777 daAuts
     D:3: 756 daAuts
     D:6: 547 daAuts
     D:7: 23 daAuts
